 Dungeon Sprint DCSS version 0.26-a0-708-g17f3b190f9 (webtiles) character file.

Game seed: 3866629955943887470

79744 mhtbhm the Hoplite (level 15, -4/174 HPs)
             Began as a Gargoyle Fighter on Oct 28, 2020.
             Was the Champion of Makhleb.
             Slain by a harpy (13 damage)
             ... summoned by Kirke
             ... in the Dungeon (Sprint IX: "|||||||||||||||||||||||||||||").
             The game lasted 00:12:44 (4832 turns).

mhtbhm the Hoplite (Gargoyle Fighter)               Turns: 4832, Time: 00:12:45

Health: -4/174     AC:  0    Str: 24    XL:     15   Next: 64%
Magic:  15/15      EV: 19    Int: 11    God:    Makhleb [******]
Gold:   418        SH:  0    Dex:  9    Spells: 14/14 levels left

rFire    . . .     SeeInvis .   (weapon currently unavailable)
rCold    . . .     Faith    +   (shield currently unavailable)
rNeg     + . .     Spirit   .   (armour currently unavailable)
rPois    ∞         Reflect  .   (helmet currently unavailable)
rElec    .         Harm     .   (cloak currently unavailable)
rCorr    .         Rampage  .   (gloves currently unavailable)
MR       +....     NoTele   +   (boots currently unavailable)
Stlth    ..........             B - amulet of faith
HPRegen  0.39/turn              (ring currently unavailable)
MPRegen  0.14/turn              (ring currently unavailable)

@: berserking, pig-form, slowed, very quick
A: small, negative energy resistance 1, petrification resistance, rot immunity,
AC +11
a: Minor Destruction, Lesser Servant of Makhleb, Major Destruction, Greater
Servant of Makhleb, Renounce Religion


You were in the Dungeon.
You worshipped Makhleb.
Makhleb was exalted by your worship.
You were a filthy swine.
You visited 1 branch You collected 1917 gold pieces.
You spent 1499 gold pieces at shops.

Inventory:

Hand Weapons
 a - a +1 vampiric demon whip (melded)
Armour
 b - the +27 Lear's hauberk (melded)
   (You found it in the Dungeon)
 c - a +1 tower shield (melded)
 n - a +1 pair of gloves
 o - a +2 pair of boots
 x - a +0 cloak (melded)
 y - a +2 hat of see invisible
Jewellery
 m - the ring "Tocana" (melded) {EV+4 Int+5}
   (You bought it in a shop in the Dungeon)

   [ring of evasion]

   It affects your evasion (+4).
   It affects your intelligence (+5).
 p - a +3 ring of intelligence (melded)
 s - an uncursed ring of positive energy
 B - an amulet of faith (around neck)
 C - an uncursed ring of see invisible
 D - an uncursed ring of fire
 H - a +4 ring of evasion
 I - an uncursed amulet of regeneration
 J - a +4 ring of evasion
 K - a +6 ring of intelligence
Wands
 u - a wand of disintegration (5)
 v - a wand of paralysis (6)
 A - a wand of random effects (13)
Scrolls
 j - 6 scrolls of blinking
 k - 6 scrolls of remove curse
 l - 2 scrolls of amnesia
 q - 2 scrolls of identify
 t - 4 scrolls of fear
 w - a scroll of torment
 z - 6 scrolls of enchant armour
 G - 2 scrolls of fog
 M - 4 scrolls of enchant weapon
Potions
 d - a potion of might
 e - 8 potions of curing
 f - 6 potions of heal wounds
 g - 2 potions of haste
 h - 4 potions of magic
 i - a potion of invisibility
 E - 2 potions of mutation
 F - 2 potions of stabbing
 L - 2 potions of resistance


   Skills:
 + Level 21.7 Fighting
 + Level 21.6 Maces & Flails
 + Level 16.2 Armour
 + Level 9.8 Dodging
 - Level 9.9 Stealth
 + Level 24.8 Shields
 + Level 4.5 Evocations


You had 14 spell levels left.
You didn't know any spells.
Your spell library was empty.

Dungeon Overview and Level Annotations

Branches:
Dungeon (1/1)

Altars:
Cheibriados
Dithmenos
Elyvilon
Fedhas
Gozag
Hepliaklqana
Kikubaaqudgha
Makhleb
Nemelex Xobeh
Okawaru
Qazlal
Ru
Sif Muna
Trog
Uskayaw
Vehumet
Wu Jian
Xom
Yredelemnul
Zin
The Shining One
Beogh
Jiyva
Lugonu

Shops:
D *[(*

Annotations:
D Kirke


Innate Abilities, Weirdness & Mutations

You are resistant to torment.
((Your stone body is resilient. (AC +11)))
You are immune to poison.
((Your large and strong wings let you fly indefinitely.))
You resist negative energy. (rN+)
((You are resistant to electric shocks. (rElec)))
((You can survive without breathing.))
You are immune to petrification.
You are immune to rotting.


Message History

You bite Kirke!
Kirke is severely wounded.
The harpy misses you. The harpy barely misses you. Kirke hits you!
* * * LOW HITPOINT WARNING * * *
The harpy misses you. The harpy closely misses you.
You closely miss Kirke.
Kirke is severely wounded.
The harpy screeches!
The harpy closely misses you. The harpy misses you. Kirke barely misses you.
You bite Kirke!
Kirke is almost dead.
The harpy claws you!!
* * * LOW HITPOINT WARNING * * *
The harpy completely misses you. The harpy closely misses you. x2
Kirke hits you.
* * * LOW HITPOINT WARNING * * *
You bite Kirke!
Kirke is almost dead.
The harpy closely misses you. The harpy claws you!
You die...

.▓.▓.▓.▓.▓.▓.▓.▓.♣,*,*,*,*,*,*,*,
.▓.▓.▓'▓.▓.▓.▓.▓.♣,*,*,*,*,*,*,*,
.▓.▓.♣.♣.▓.▓.▓.▓.♣,*,*+*,*,*,*,*,
.▓.▓.♣.♣.▓.▓.▓.▓.♣,*,*,*,*,*,*+*,
.▓.▓.♣.♣.▓.▓.▓.▓.♣,*,*,*,*,*,*,*,
)▓.▓.♣.♣.▓.▓.▓.▓.♣,*,*,*,*,*,*,*,
.▓.▓.♣.♣.▓.▓.▓.▓.♣,*,*,*,*,*,*,*,
.▓.▓.♣.♣.▓.▓.▓.▓H♣+*,*,*,*,*,*,*,
.▓.▓.♣.♣.▓.▓.▓.▓h▓,*,*,*,*,*,*,*,
.▓)▓.♣)♣.▓.▓.▓.▓@▓,*,*,*,*,*,*,*,
.▓(▓.♣)♣.▓(▓.▓.▓h▓,*,*,*,*,*,*,*,
.▓(▓.♣+♣.▓(▓.▓.▓h▓,*,*,*,*,*,*,*,
.▓(▓.▓.▓.▓(▓.▓.▓.▓,*,*,*,*,*,*,*,
.▓(▓.▓.▓.▓)▓.▓.▓.▓,*,*,*,*,*,*+*,
.▓+▓.▓.▓.▓)▓.▓.▓.▓,*,*,*,*,*,*,*,
.▓.▓.▓.▓.▓(▓.▓.▓.▓,*,*,*,*,*,*,*,
.▓(▓.▓)▓.▓)▓.▓.▓,*,*,*,*,*,*,*,*,


You could see Kirke (fast), a harpy (summoned) and 2 hogs.

Vanquished Creatures
  A greater mummy (D)
  Sojobo (D)
  Gastronok (D)
  2 tengu reavers (D)
  A death cob (D)
  A frost giant (D)
  A vault warden (D)
  3 ironheart preservers (D)
  A very ugly thing (D)
  4 stone giants (D)
  Nessos (D)
  A merfolk impaler (D)
  6 ettins (D)
  2 great orbs of eyes (D)
  A rakshasa (D)
  2 ice dragons (D)
  2 yaktaur captains (D)
  2 hydras (D)
  An alligator snapping turtle (D)
  3 ogre magi (D)
  A centaur warrior (D)
  A satyr (D)
  A two-headed ogre (D)
  A catoblepas (D)
  A deep troll shaman (D)
  A tengu warrior (D)
  4 death yaks (D)
  A shock serpent (D)
  10 orc high priests (D)
  A spriggan (D)
  Nergalle (D)
  2 spriggan berserkers (D)
  2 sea snakes (D)
  A shadow wraith (D)
  A spriggan druid (D)
  2 unseen horrors (D)
  A deep elf archer (D)
  A glowing orange brain (D)
  An ironbrand convoker (D)
  A naga ritualist (D)
  3 swamp dragons (D)
  3 orc knights (D)
  2 wolf spiders (D)
  A deep elf mage (D)
  2 manticores (D)
  A salamander (D)
  2 elephants (D)
  A moth of wrath (D)
  A guardian serpent (D)
  2 black mambas (D)
  Joseph (D)
  2 cane toads (D)
  A torpor snail (D)
  A yaktaur (D)
  5 komodo dragons (D)
  2 trolls (D)
  6 jumping spiders (D)
  A polar bear (shapeshifter) (D)
  A polar bear (D)
  A hornet (D)
  3 slime creatures (D)
  2 blink frogs (D)
  A snapping turtle (D)
  A bog body (D)
  A tarantella (D)
  A redback (D)
  A wraith (D)
  5 yaks (D)
  Grum (D)
  A hog (D)
  A vampire mosquito (D)
  A basilisk (D)
  2 nagas (D)
  3 soldier ants (D)
  An ice beast (D)
  A swamp drake (D)
  An ogre (D)
  8 orc warriors (D)
  An ogre (shapeshifter) (D)
  3 boggarts (D)
  A phantom (D)
  A centaur (D)
  4 wolves (D)
  3 bullfrogs (D)
  A scorpion (D)
  2 orc wizards (D)
  11 orc priests (D)
  An adder (D)
  7 orcs (D)
  A ball python (D)
  A goblin (D)
  2 kobolds (D)
  2 quokkas (D)
  A frilled lizard (D)
  A leopard gecko skeleton (D)
  A rat (D)
190 creatures vanquished.

Vanquished Creatures (others)
  An ironheart preserver (D)
  A necromancer (D)
  A black mamba (D)
3 creatures vanquished.

Grand Total: 193 creatures vanquished

Notes
Turn   | Place    | Note
-------+----------+-------------------------------------------
     0 | D        | mhtbhm the Gargoyle Fighter began the quest for the Orb.
     0 | D        | Reached XP level 1. HP: 14/14 MP: 1/1
   120 | D        | Noticed a scorpion
   120 | D        | Noticed an ice beast
   127 | D        | Killed an ice beast
   127 | D        | Reached skill level 6 in Shields
   127 | D        | Reached XP level 2. HP: 22/22 MP: 2/2
   127 | D        | Reached XP level 3. HP: 27/27 MP: 3/3
   127 | D        | Reached XP level 4. HP: 32/32 MP: 4/4
   151 | D        | Reached skill level 7 in Shields
   151 | D        | Reached XP level 5. HP: 4/37 MP: 5/5
   161 | D        | Found a roughly hewn altar of Beogh.
   161 | D        | Found a snail-covered altar of Cheibriados.
   161 | D        | Found a shadowy altar of Dithmenos.
   161 | D        | Found a white marble altar of Elyvilon.
   161 | D        | Found a blossoming altar of Fedhas.
   161 | D        | Found an opulent altar of Gozag.
   162 | D        | Found a hazy altar of Hepliaklqana.
   163 | D        | Found a viscous altar of Jiyva.
   164 | D        | Found an ancient bone altar of Kikubaaqudgha.
   165 | D        | Found a corrupted altar of Lugonu.
   166 | D        | Found a burning altar of Makhleb.
   167 | D        | Found a sparkling altar of Nemelex Xobeh.
   168 | D        | Found an iron altar of Okawaru.
   169 | D        | Found a stormy altar of Qazlal.
   170 | D        | Found a sacrificial altar of Ru.
   171 | D        | Found a shimmering blue altar of Sif Muna.
   172 | D        | Found a bloodstained altar of Trog.
   173 | D        | Found a hide-covered altar of Uskayaw.
   174 | D        | Found a radiant altar of Vehumet.
   176 | D        | Became a worshipper of Makhleb the Destroyer
   178 | D        | Found an ornate altar of the Wu Jian Council.
   179 | D        | Found a shimmering altar of Xom.
   180 | D        | Found a basalt altar of Yredelemnul.
   181 | D        | Found a glowing silver altar of Zin.
   182 | D        | Found a glowing golden altar of the Shining One.
   431 | D        | Noticed a phantom
   431 | D        | Noticed a two-headed ogre
   431 | D        | Noticed an ogre
   431 | D        | Noticed a troll
   436 | D        | Reached skill level 1 in Dodging
   438 | D        | Killed an ogre
   438 | D        | Reached * piety under Makhleb
   438 | D        | Reached skill level 5 in Maces & Flails
   438 | D        | Reached skill level 8 in Shields
   438 | D        | Reached XP level 6. HP: 44/44 MP: 6/6
   439 | D        | Killed a troll
   439 | D        | Reached skill level 9 in Shields
   439 | D        | Reached XP level 7. HP: 49/49 MP: 7/7
   441 | D        | Killed a two-headed ogre
   441 | D        | Reached skill level 10 in Shields
   441 | D        | Reached skill level 1 in Evocations
   441 | D        | Reached XP level 8. HP: 42/56 MP: 8/8
   443 | D        | Reached ** piety under Makhleb
   443 | D        | Reached skill level 10 in Armour
   517 | D        | Noticed a yak
   529 | D        | Reached skill level 11 in Shields
   535 | D        | Reached *** piety under Makhleb
   535 | D        | Reached skill level 10 in Maces & Flails
   537 | D        | Killed an unseen horror
   537 | D        | Reached skill level 10 in Fighting
   537 | D        | Reached skill level 5 in Dodging
   537 | D        | Reached XP level 9. HP: 62/62 MP: 9/9
   658 | D        | Noticed a cane toad
   658 | D        | Noticed a four-headed hydra
   658 | D        | Noticed a komodo dragon
   665 | D        | Killed a komodo dragon
   671 | D        | Killed a four-headed hydra
   671 | D        | Reached **** piety under Makhleb
   671 | D        | Reached skill level 12 in Shields
   674 | D        | Noticed a komodo dragon
   684 | D        | Killed a cane toad
   684 | D        | Reached XP level 10. HP: 66/68 MP: 10/10
   707 | D        | Reached ***** piety under Makhleb
   938 | D        | Noticed an elephant
   938 | D        | Noticed a torpor snail
   938 | D        | Noticed an eight-headed hydra
   944 | D        | Killed an eight-headed hydra
   944 | D        | Reached skill level 13 in Shields
   945 | D        | Noticed an elephant
   954 | D        | Killed a torpor snail
   966 | D        | Killed an elephant
   979 | D        | Reached ****** piety under Makhleb
   984 | D        | Reached XP level 11. HP: 54/76 MP: 11/11
  1183 | D        | Noticed a death yak
  1183 | D        | Noticed a death yak
  1183 | D        | Noticed a catoblepas
  1183 | D        | Noticed a death yak
  1196 | D        | Noticed a death yak
  1204 | D        | Killed a death yak
  1204 | D        | Reached skill level 14 in Shields
  1212 | D        | Killed a catoblepas
  1227 | D        | Killed a death yak
  1227 | D        | Reached skill level 5 in Stealth
  1235 | D        | Killed a death yak
  1235 | D        | Reached skill level 15 in Maces & Flails
  1243 | D        | Killed a death yak
  1472 | D        | Noticed Gastronok
  1493 | D        | Killed Gastronok
  1812 | D        | Noticed an orc knight
  1822 | D        | Killed an orc knight
  1822 | D        | Reached XP level 12. HP: 84/84 MP: 12/12
  1850 | D        | Noticed an orc high priest
  1866 | D        | Noticed a soul eater
  1905 | D        | Killed an orc high priest
  2078 | D        | Found Zagig's Assorted Antiques.
  2078 | D        | Noticed an orc high priest
  2078 | D        | Noticed an orc high priest
  2078 | D        | Noticed an orc high priest
  2078 | D        | Noticed an orc high priest
  2078 | D        | Noticed an orc high priest
  2079 | D        | Noticed an orc high priest
  2083 | D        | Killed an orc high priest
  2086 | D        | Killed an orc high priest
  2086 | D        | Reached skill level 15 in Shields
  2087 | D        | Found Dita's Weapon Shop.
  2089 | D        | Killed an orc high priest
  2096 | D        | Killed an orc high priest
  2105 | D        | Noticed a soul eater
  2116 | D        | Killed an orc high priest
  2117 | D        | Found Umezaz's Antique Armour Boutique.
  2126 | D        | Killed an orc high priest
  2129 | D        | Found Wienen's Assorted Antiques.
  2131 | D        | Noticed an orc high priest
  2133 | D        | Noticed an orc high priest
  2135 | D        | Noticed an orc high priest
  2138 | D        | Noticed a sun demon
  2374 | D        | Noticed a sun demon
  2377 | D        | Killed an orc high priest
  2521 | D        | Killed an orc high priest
  2521 | D        | Reached skill level 15 in Fighting
  2645 | D        | Killed an orc high priest
  2645 | D        | Reached skill level 16 in Shields
  2724 | D        | Bought a crude granite ring for 125 gold pieces
  2724 | D        | Bought a robe for 17 gold pieces
  2724 | D        | Bought a scroll of blinking for 187 gold pieces
  2724 | D        | Bought a potion of heal wounds for 125 gold pieces
  2729 | D        | Bought a pair of embroidered boots for 120 gold pieces
  2737 | D        | Identified the ring "Tocana" {EV+4 Int+5} (You bought it in
                  | a shop in the Dungeon)
  2747 | D        | Bought a shiny plate armour for 416 gold pieces
  2756 | D        | Bought a scroll labeled EJAWKY QEOTE for 25 gold pieces
  2756 | D        | Bought a scroll labeled GEXAMPUFAN for 25 gold pieces
  2762 | D        | Bought a scroll labeled EJAWKY QEOTE for 27 gold pieces
  2762 | D        | Bought a scroll labeled GEXAMPUFAN for 27 gold pieces
  2762 | D        | Bought a scroll labeled EJAWKY QEOTE for 27 gold pieces
  2762 | D        | Bought a potion of haste for 270 gold pieces
  2762 | D        | Bought a blackened iron wand for 108 gold pieces
  2788 | D        | Noticed Joseph
  2806 | D        | Killed Joseph
  2843 | D        | Noticed Grum
  2853 | D        | Killed Grum
  3006 | D        | Noticed an ogre mage
  3006 | D        | Noticed a tengu warrior
  3018 | D        | Killed a tengu warrior
  3032 | D        | Noticed a great orb of eyes
  3032 | D        | Killed an ogre mage
  3050 | D        | Reached XP level 13. HP: 93/93 MP: 13/13
  3063 | D        | Killed a great orb of eyes
  3078 | D        | Noticed a stone giant
  3084 | D        | Noticed an ice dragon
  3099 | D        | Killed a stone giant
  3099 | D        | Reached skill level 17 in Shields
  3113 | D        | Killed an ice dragon
  3120 | D        | Noticed a red very ugly thing
  3140 | D        | Killed a red very ugly thing
  3354 | D        | Reached skill level 18 in Shields
  3484 | D        | Noticed a merfolk impaler
  3529 | D        | Reached skill level 19 in Shields
  3538 | D        | Killed a merfolk impaler
  3611 | D        | Gained mutation: Your large and strong wings let you fly
                  | indefinitely. [Gargoyle growth]
  3611 | D        | Reached XP level 14. HP: 104/104 MP: 14/14
  3615 | D        | Reached skill level 20 in Shields
  3656 | D        | Noticed Nessos
  3667 | D        | Killed Nessos
  3712 | D        | Noticed Nergalle
  3724 | D        | Killed Nergalle
  3762 | D        | Noticed a stone giant
  3762 | D        | Noticed a stone giant
  3786 | D        | Killed a stone giant
  3798 | D        | Noticed a frost giant
  3801 | D        | Killed a stone giant
  3801 | D        | Reached skill level 21 in Shields
  3840 | D        | Killed a frost giant
  3902 | D        | Reached skill level 15 in Armour
  3928 | D        | Noticed a vault warden
  3928 | D        | Noticed an ironheart preserver
  3928 | D        | Noticed an ironheart preserver
  3928 | D        | Noticed an ironheart preserver
  3941 | D        | Killed an ironheart preserver
  3960 | D        | Killed an ironheart preserver
  3960 | D        | Reached skill level 22 in Shields
  3975 | D        | Killed an ironheart preserver
  3998 | D        | Killed a vault warden
  4038 | D        | Noticed an ironheart preserver
  4071 | D        | Reached XP level 15. HP: 112/112 MP: 15/15
  4078 | D        | Noticed a greater mummy
  4078 | D        | Noticed a death cob
  4088 | D        | Noticed an emperor scorpion
  4096 | D        | Reached skill level 23 in Shields
  4104 | D        | Noticed an emperor scorpion
  4121 | D        | Killed a greater mummy
  4135 | D        | Killed a death cob
  4338 | D        | Noticed a tengu reaver
  4338 | D        | Noticed a tengu reaver
  4354 | D        | Killed a tengu reaver
  4354 | D        | Reached skill level 24 in Shields
  4368 | D        | Killed a tengu reaver
  4370 | D        | Noticed Sojobo
  4406 | D        | Killed Sojobo
  4640 | D        | Found the +27 Lear's hauberk
  4797 | D        | Noticed Kirke
  4832 | D        | Slain by a harpy

Illustrated notes

Levels and vault maps discovered:
D:        linesprint [early_d, line_temple, items_1, d_10, items_2, lair_1,
          lair_end, items_3, orc_1, orc_end, items_4, d_15, swamp_1, shoals_1,
          snake_1, spider_1, d_20, vaults_1, items_5, swamp_end, shoals_end,
          snake_end, spider_end, vaults_end, d_27, items_6, zot_1, zot_end,
          crypt_end, forest_end, elf_end, slime_end, tomb_end, abyss_end,
          pan_hell_end]

Skill      XL: |  1  2  3  4  5  6  7  8  9 10 11 12 13 14 15 |
---------------+----------------------------------------------+-----
Fighting       | 6 7 8 9 10 12 13 15 18 20 21 | 21.7
Maces & Flails | 3 4 5 6 9 10 12 14 16 17 18 20 21 | 21.6
Armour         | 6 7 8 9 10 11 12 13 14 15 16 | 16.2
Shields        | 6 7 8 9 10 11 12 13 14 16 19 22 24 | 24.8
Dodging        | 1 2 3 5 6 7 8 9 |  9.8
Evocations     | 1 2 3 4 |  4.5
Stealth        | 9 |  9.9

Action                   |  1- 3 |  4- 6 |  7- 9 | 10-12 | 13-15 || total
-------------------------+-------+-------+-------+-------+-------++-------
Melee: Flail             |    18 |    27 |       |       |       ||    45
       Morningstar       |       |     4 |    50 |   443 |   645 ||  1142
       Unarmed           |       |       |       |       |    23 ||    23
       Demon whip        |       |       |       |       |    19 ||    19
Evoke: Wand              |       |     3 |     3 |     4 |     4 ||    14
  Use: Potion            |     1 |     1 |       |     4 |     5 ||    11
       Scroll            |       |       |       |     1 |     2 ||     3
 Stab: Petrified         |       |       |       |    10 |       ||    10
       Petrifying        |       |       |       |     1 |       ||     1
       Confused          |       |       |       |       |     2 ||     2
Armor: Scale mail        |     6 |    24 |    26 |   104 |       ||   160
       Plate armour      |       |       |       |    19 |   164 ||   183
       Chain mail        |       |       |       |       |     6 ||     6
Dodge: Dodged            |     3 |     9 |    13 |   105 |   136 ||   266
Block: Kite shield       |    10 |    22 |    18 |   165 |       ||   215
       Tower shield      |       |       |       |    30 |   513 ||   543

Table legend: (Time is in decaauts)
 A = Elapsed time spent in this place.
 B = Non-inter-level travel time spent in this place.
 C = Inter-level travel time spent in this place.
 D = Time resting spent in this place.
 E = Time spent auto-exploring this place.
 F = Levels seen in this place.
 G = Mean time per level.
                   A        B        C        D        E       F      G
               +--------+--------+--------+--------+--------+-----+--------+
         Total |   4584 |   4584 |      0 |   1863 |    200 |   1 | 4584.0 |
       Dungeon |   4584 |   4584 |      0 |   1863 |    200 |   1 | 4584.0 |
               +--------+--------+--------+--------+--------+-----+--------+

Top non-repeatable levels by time:
       D: 4584 daAuts
